 Dungeon Crawl Stone Soup version 0.28.0-53-g5a82cb258f (webtiles) character file.

Game seed: 17664324688233395792

9960 mortz the Destroyer (level 11, -11/78 HPs)
             Began as a Demigod Conjurer on June 30, 2022.
             Killed from afar by a raiju (20 damage)
             ... with a living lightning
             ... on level 5 of the Abyss on July 1, 2022.
             The game lasted 01:13:11 (13647 turns).

mortz the Destroyer (Demigod Conjurer)             Turns: 13647, Time: 01:13:12

Health: -11/78     AC: 18    Str:  5    XL:     11   Next: 9%
Magic:  27/27      EV: 11    Int: 28    God:
Gold:   405        SH:  0    Dex: 15    Spells: 17/26 levels left

rFire   . . .      SeeInvis .   n - +2 dagger (venom) {short}
rCold   . . .      Faith    .   (no shield)
rNeg    + + .      Spirit   .   G - +7 scale mail "Leysivem" {rN++ Str-3 Dex+3}
rPois   .          Reflect  .   Z - +2 hat {Stlth+}
rElec   .          Harm     .   O - +0 cloak
rCorr   .          Rampage  .   (no gloves)
Will    +....                   (no boots)
Stlth   +.........              H - amulet of regeneration {@e2}
HPRegen 0.00/turn               B - ring of wizardry
MPRegen 0.20/turn               M - +4 ring of evasion

@: sick, very slow
A: high MP 1, forlorn, divine attributes, [weak 2]
a: no special abilities


You were on level 5 of the Abyss.
You visited 1 branch of the dungeon, and saw 9 of its levels.
You visited the Abyss 1 time.

You collected 405 gold pieces.


Innate Abilities, Weirdness & Mutations

You have an increased reservoir of magic. (+10% MP)
You shall have no god before yourself.
Your divine heritage dramatically boosts your attributes as you level up.
[You are very weak. (Str -4)]


   Skills:
 - Level 1.4 Fighting
 + Level 0.1 Short Blades
 + Level 0.6 Axes
 * Level 7.0 Armour
 + Level 3.5 Dodging
 + Level 4.0 Stealth
 + Level 8.0 Spellcasting
 + Level 9.4 Conjurations
 * Level 6.2 Translocations
 + Level 2.2 Evocations


You had 17 spell levels left.
You knew the following spells:

 Your Spells              Type           Power      Damage    Failure   Level
a - Magic Dart            Conj           100%       1d8       1%          1
b - Searing Ray           Conj           100%       2d8       1%          2
c - Iskenderun's Mystic   Conj/Tloc      53%        2d11      12%         4
d - Passwall              Tmut/Erth      9%         N/A       41%         2

Your spell library contained the following spells:

 Spells                   Type           Power      Damage    Failure   Level
 Dazzling Flash           Conj/Hex       74%        N/A       13%         3
 Portal Projectile        Hex/Tloc       56%        N/A       26%         3
 Flame Wave               Conj/Fire      37%        2d9       38%         4
 Fulminant Prism          Conj/Hex       18%        3d11      38%         4
 Ensorcelled Hibernation  Hex/Ice        22%        N/A       41%         2
 Scorch                   Fire           22%        2d6       41%         2
 Call Canine Familiar     Summ           11%        N/A       63%         3
 Confusing Touch          Hex            11%        N/A       63%         3
 Swiftness                Air            11%        N/A       63%         3
 Leda's Liquefaction      Hex/Erth       5%         N/A       95%         4
 Yara's Violent Unravell  Hex/Tmut       5%         3d4       100%        5
 Summon Cactus Giant      Summ           5%         N/A       100%        6
 Enfeeble                 Hex            5%         N/A       100%        7

Inventory:

Hand Weapons
 n - a +2 dagger of venom (weapon) {short}
   (You took it off a goblin on level 2 of the Dungeon)
 y - a +0 hand axe of flaming {axe}
   (You found it on level 9 of the Dungeon)
 U - a +0 war axe {axe}
   (You took it off an orc warrior on level 8 of the Dungeon)
 W - a +4 trident {polearm}
   (You found it on level 8 of the Dungeon)
Armour
 m - +0 steam dragon scales
   (You found it on level 9 of the Dungeon)
 q - +0 acid dragon scales
   (You found it on level 9 of the Dungeon)
 x - a +0 troll leather armour
   (You found it on level 9 of the Dungeon)
 G - the +7 scale mail "Leysivem" (worn) {rN++ Str-3 Dex+3}
   (You found it on level 4 of the Dungeon)

   Str:       It affects your strength (-3).
   Dex:       It affects your dexterity (+3).
   rN:        It greatly protects you from negative energy.
 O - a +0 cloak (worn)
   (You took it off Crazy Yiuf on level 7 of the Dungeon)
 Q - a +2 ring mail of cold resistance
   (You took it off Joseph on level 7 of the Dungeon)
 Z - a +2 hat of stealth (worn)
   (You took it off Gastronok on level 8 of the Dungeon)
Magical Staves
 d - a staff of earth {!astaff}
   (You found it on level 2 of the Dungeon)
 Y - a staff of cold {!astaff}
   (You found it on level 8 of the Dungeon)
Jewellery
 h - a ring of fire
   (You found it on level 1 of the Dungeon)
 B - a ring of wizardry (left hand)
   (You found it on level 4 of the Dungeon)
 H - an amulet of regeneration (around neck) {@e2}
   (You took it off an orc on level 5 of the Dungeon)
 M - a +4 ring of evasion (right hand)
   (You found it on level 7 of the Dungeon)
Wands
 c - a wand of flame (13)
   (You found it on level 7 of the Dungeon)
 k - a wand of iceblast (4)
   (You found it on level 2 of the Dungeon)
 J - a wand of charming (6)
   (You found it on level 9 of the Dungeon)
 V - a wand of acid (11)
   (You found it on level 8 of the Dungeon)
 X - a wand of mindburst (9)
   (You found it on level 8 of the Dungeon)
Scrolls
 a - a scroll of enchant weapon {unknown}
 g - a scroll of fog
 l - 2 scrolls of blinking {unknown}
 t - 2 scrolls of fear
 u - a scroll of holy word
 w - a scroll of brand weapon {unknown}
 C - a scroll of torment {unknown}
 D - 2 scrolls of immolation {unknown}
 E - a scroll of noise {unknown}
 L - a scroll of vulnerability {unknown}
 R - a scroll of identify {@r1}
 S - a scroll of silence {unknown}
 T - a scroll of magic mapping {unknown}
Potions
 b - 2 potions of mutation {!q}
 e - 3 potions of lignification {!q}
 f - 3 potions of flight
 i - a potion of degeneration {unknown}
 o - a potion of curing {@q1}
 p - a potion of ambrosia {unknown}
 r - a potion of resistance {unknown}
 s - a potion of attraction {unknown}
 v - a potion of haste {unknown}
 z - 2 potions of magic
 A - a potion of berserk rage {unknown}
 F - 4 potions of heal wounds {unknown}
 I - 2 potions of brilliance {unknown}
 K - 2 potions of might {unknown}

Dungeon Overview and Level Annotations

Branches:
Dungeon (9/15)             Temple (0/1) D:7
   Lair: D:8-11         Orc: D:9-12

Annotations:
D:7 3 runed translucent doors, nickcage's ghost, novice DECj
D:9 Erolcha

#.#.....#. # ##.. #
#....#............
#.#.#..#.#...###.. #
............ .... #.#
####... #.h..# #.#.
.#..
#..###....###....#.
≈....#.#.###h##..##.#.#
≈≈≈≈≈≈≈≈≈h≈≈.#
#########
#..≈≈≈≈@.#...# #
X#####.≈#..### #.≈#####
#..≈ #... ##.. ..≈ ..#≈


You could see a tentacled starspawn and 2 raiju.


Message History

There is a gateway leading deeper into the Abyss here.
You plunge deeper into the Abyss.
The abyssal rune of Zot can be found at this depth.
Found a corrupted altar of Lugonu.
A worldbinder comes into view.
The worldbinder calls forth creatures from the Shoals!
The manticore flicks its tail.
The volley of spikes hits you but does no damage.
The worldbinder calls forth creatures from the Shoals!
A ynoxinul comes into view.
The ynoxinul bellows!
Okay, then.
As you read the scroll of teleportation {@r4}, it crumbles to dust.
You feel strangely unstable.
You feel the power of the Abyss delaying your translocation!
The bone dragon misses you.
The bone dragon claws you but does no damage.
The bone dragon tramples you.
You hold your ground! 😕 HP[-6]
You take 6 damage, and now have 72/78 hp. 😕 HP[+1] 😕 HP[+1]
The worldbinder calls forth creatures from the Shoals! 😕 HP[+1] 😕 HP[+1]
The worldbinder calls forth creatures from the Shoals! 😕 HP[+1] 😎 HP[+1]
Your hp is fully restored (78).
A vampire comes into view.
You are suddenly pulled into a different region of the Abyss!
There is an open door here.
There is an open door here.
Found a gateway leading deeper into the Abyss.
There is a gateway leading deeper into the Abyss here.
You plunge deeper into the Abyss.
The abyssal rune of Zot can be found at this depth.
A large abomination and a naga warrior skeleton come into view.
You feel yourself growing ill in the presence of the ancient zyme.
The ancient zyme barely misses you.
The ancient zyme hits you but does no damage.
You feel yourself growing ill in the presence of the ancient zyme.
A large abomination comes into view.
The large abomination closely misses you.
A large abomination comes into view.
A yellow draconian annihilator comes into view.
It is wielding a +0 short sword.
The large abomination hits you!
The yellow draconian annihilator moves out of view. 😕 HP[-7]
You take 7 damage, and now have 71/78 hp. 😕 HP[+1]
A wretched star comes into view. 😕 HP[+1]
The yellow draconian annihilator roars!
You hear a croak.
The yellow draconian annihilator spits acid at you.
The glob of acid hits you!! 😮 HP[-20]
You take 20 damage, and now have 53/78 hp.
MASSIVE DAMAGE!! (PAUSE)
You feel ill.
The yellow draconian annihilator spits acid at you.
The glob of acid hits you! The acid corrodes you! 😮 HP[-11]
You take 11 damage, and now have 42/78 hp.
Found a gateway leading deeper into the Abyss.
You feel ill. The large abomination hits you!
* * * LOW HITPOINT WARNING * * *
The yellow draconian annihilator hits you with a +0 short sword!
* * * LOW HITPOINT WARNING * * *
😱 HP[-23]
You take 23 damage, and now have 19/78 hp.
MASSIVE DAMAGE!! (PAUSE)
The yellow draconian annihilator mumbles some strange words.
The yellow draconian annihilator blinks!
An ancient zyme comes into view.
There is a gateway leading deeper into the Abyss here.
The large abomination hits you!
* * * LOW HITPOINT WARNING * * *
You plunge deeper into the Abyss.
The abyssal rune of Zot can be found at this depth. 😱 HP[-7]
You take 7 damage, and now have 12/78 hp.
You are no longer corroded.
You start resting. 3 raiju come into view.
The raiju barks! x2
A neqoxec comes into view.
The raiju bursts into living lightning!
The living lightning hits you.
* * * LOW HITPOINT WARNING * * *
The raiju blinks! 😱 HP[-3]
You take 3 damage, and now have 9/78 hp.
The raiju bites you but does no damage.
You enter the shallow water.
Moving in this stuff is going to be slow.
A tentacled starspawn comes into view.
The raiju bursts into living lightning!
The living lightning hits you!!
You die...

Skill      XL: |  1  2  3  4  5  6  7  8  9 10 11 |
---------------+----------------------------------+-----
Conjurations   | 4 5 6 7 8 9 |  9.4
Spellcasting   | 2 3 4 5 6 7 8 |  8.0
Stealth        | 2 3 4 |  4.0
Dodging        | 2 3 |  3.5
Armour         | 1 3 4 5 6 7 |  7.0
Translocations | 1 3 4 6 |  6.2
Fighting       | 1 |  1.4
Evocations     | 2 |  2.2
Short Blades   | |  0.1
Axes           | |  0.6

Action                   |  1- 3 |  4- 6 |  7- 9 | 10-12 || total
-------------------------+-------+-------+-------+-------++-------
Melee: Short sword       |     1 |       |       |       ||     1
       War axe           |       |       |     4 |       ||     4
       Dagger            |       |       |     3 |     7 ||    10
 Cast: Magic Dart        |    53 |    56 |   107 |    26 ||   242
       Searing Ray       |    20 |    45 |    67 |    35 ||   167
       Iskenderun's Myst |       |       |    18 |    27 ||    45
Evoke: Wand              |       |       |       |     8 ||     8
  Use: Scroll            |       |     4 |     4 |     2 ||    10
       Potion            |       |       |     1 |       ||     1
Armor: Robe              |     2 |       |       |       ||     2
       Leather armour    |       |     7 |     9 |       ||    16
       Scale mail        |       |       |    27 |    87 ||   114
Dodge: Dodged            |     1 |    17 |    57 |    75 ||   150

Levels and vault maps discovered:
D:1:      pf_arrival_petrified_forest, layout_loops_cross,
          hellmonk_ecumenical_altar_defaced_shrine
D:2:      layout_loops_ring, basic_altar, uniq_robin
D:3:      layout_loops_ring, mainiacjoe_overflow_small_starburst,
          roderic_serpentine_path, serial_bayou_lagoon_a, minmay_ruptured
D:4:      minmay_skewed_foursquare, layout_gridville,
          chequers_temple_overflow_statue_of_worship,
          nicolae_overflow_hidden_temple
D:5:      layout_loops_ring, serial_aquarium, aquarium_bridge_square
          [aquarium_subvault_bridge, aquarium_subvault_bridge,
          aquarium_subvault_bridge, aquarium_subvault_balcony],
          aquarium_window_1, aquarium_window_3, aquarium_view_2c
D:6:      layout_cave_pools, mainiacjoe_overflow_alcove_1, serial_rivers,
          chequers_serial_rivers_micro_c, chequers_serial_rivers_room_a,
          chequers_serial_rivers_micro_c, chequers_serial_rivers_small_a
D:7:      layout_gridville, minmay_temple_entry_water_ring,
          ebering_ghost_rock_garden, uniq_joseph, uniq_menkaure,
          uniq_crazy_yiuf_cottage, uniq_pikel
D:8:      layout_cave_pools, serial_bayou_pond_d, uniq_maurice, uniq_gastronok
D:9:      layout_rooms, ashenzari_altar_1, grunt_ministairs_13, hangedman_ranch,
          uniq_erolcha
Abyss:5:  base: D:2, minivault_25, evilmike_abyss_exit_mutagenic,
          due_exit_kobolds

Notes
Turn   | Place    | Note
-------+----------+-------------------------------------------
     0 | D:1      | mortz the Demigod Conjurer began the quest for the Orb.
     0 | D:1      | Reached XP level 1. HP: 14/14 MP: 5/5
     0 | D:1      | magus.rc [v1.9.6]
   267 | D:1      | Reached skill level 4 in Conjurations
   336 | D:1      | Reached XP level 2. HP: 20/20 MP: 2/7
   441 | D:1      | Learned a level 2 spell: Searing Ray
   844 | D:1      | Reached skill level 2 in Spellcasting
   983 | D:1      | You pick up a book of Burglary and begin reading...
   983 | D:1      | You add the spells Passwall, Ensorcelled Hibernation and
                  | Swiftness to your library.
   993 | D:1      | Reached XP level 3. HP: 26/26 MP: 0/8
  1702 | D:2      | Noticed Robin
  1705 | D:2      | Reached skill level 2 in Stealth
  1779 | D:2      | Killed Robin
  1848 | D:2      | Reached XP level 4. HP: 33/33 MP: 3/10
  2130 | D:2      | Reached skill level 5 in Conjurations
  3745 | D:3      | magus.rc [v1.9.6]
  4169 | D:3      | Reached XP level 5. HP: 16/38 MP: 5/12
  4170 | D:3      | HP: 9/38 [gnoll/+0 whip (7)]
  4420 | D:3      | Reached skill level 3 in Spellcasting
  4496 | D:4      | Reached skill level 2 in Dodging
  5082 | D:4      | Reached XP level 6. HP: 45/45 MP: 9/14
  5087 | D:4      | Learned a level 4 spell: Iskenderun's Mystic Blast
  5116 | D:4      | Noticed a water moccasin
  5122 | D:4      | Killed a water moccasin
  5123 | D:4      | Reached skill level 1 in Armour
  5258 | D:4      | Identified the +7 scale mail "Leysivem" {rN++ Str-3 Dex+3}
  5397 | D:4      | Reached skill level 3 in Stealth
  5604 | D:5      | Entered Level 5 of the Dungeon
  5702 | D:5      | Reached skill level 4 in Spellcasting
  5702 | D:5      | Reached XP level 7. HP: 51/51 MP: 9/16
  5999 | D:5      | Reached skill level 2 in Armour
  5999 | D:5      | Reached skill level 6 in Conjurations
  6267 | D:5      | Reached skill level 1 in Translocations
  6700 | D:5      | Reached skill level 1 in Fighting
  6700 | D:5      | Reached skill level 3 in Armour
  6860 | D:5      | Reached XP level 8. HP: 59/59 MP: 12/18
  6864 | D:5      | Reached skill level 2 in Translocations
  7262 | D:6      | Reached skill level 5 in Spellcasting
  7582 | D:6      | Reached skill level 7 in Conjurations
  7665 | D:6      | Reached skill level 3 in Translocations
  7773 | D:6      | You pick up a book of the Hunter and begin reading...
  7773 | D:6      | You add the spells Call Canine Familiar, Portal Projectile
                  | and Leda's Liquefaction to your library.
  8376 | D:7      | Found a runed translucent gate.
  8394 | D:7      | Found a staircase to the Ecumenical Temple.
  8406 | D:7      | Reached skill level 4 in Armour
  8427 | D:7      | Found a runed translucent gate.
  8654 | D:7      | Reached XP level 9. HP: 64/64 MP: 17/21
  8768 | D:7      | Found a runed translucent gate.
  8794 | D:7      | Reached skill level 3 in Dodging
  8958 | D:7      | Reached skill level 6 in Spellcasting
  9269 | D:7      | Found a runed translucent door.
  9270 | D:7      | Noticed Crazy Yiuf
  9271 | D:7      | magus.rc [v1.9.6]
  9275 | D:7      | Killed Crazy Yiuf
  9310 | D:7      | Noticed Pikel
  9323 | D:7      | Killed Pikel
  9324 | D:7      | Reached skill level 4 in Translocations
  9537 | D:7      | Noticed Joseph
  9541 | D:7      | Noticed Menkaure
  9567 | D:7      | Killed Joseph
  9568 | D:7      | Reached skill level 8 in Conjurations
  9574 | D:7      | HP: 15/64 [??? (7)]
  9637 | D:7      | Killed Menkaure
  9638 | D:7      | Reached skill level 5 in Armour
  9828 | D:7      | Noticed nickcage's ghost (novice DECj)
  9855 | D:8      | Noticed Gastronok
 10056 | D:8      | You pick up a book of Misfortune and begin reading...
 10056 | D:8      | You add the spells Confusing Touch, Yara's Violent
                  | Unravelling and Enfeeble to your library.
 10063 | D:8      | You pick up a book of Scorching and begin reading...
 10063 | D:8      | You add the spells Scorch, Flame Wave and Summon Cactus
                  | Giant to your library.
 10071 | D:8      | Learned a level 2 spell: Passwall
 10083 | D:8      | Noticed Maurice
 10825 | D:8      | Killed Maurice
 10826 | D:8      | Reached XP level 10. HP: 72/72 MP: 17/24
 10902 | D:8      | Reached skill level 5 in Translocations
 11347 | D:8      | Killed Gastronok
 11348 | D:8      | Reached skill level 6 in Armour
 11348 | D:8      | Reached skill level 7 in Spellcasting
 11672 | D:9      | Reached skill level 1 in Evocations
 11679 | D:9      | Reached skill level 9 in Conjurations
 11841 | D:9      | Reached skill level 4 in Stealth
 11938 | D:9      | Reached skill level 6 in Translocations
 12161 | D:9      | magus.rc [v1.9.6]
 12298 | D:9      | Noticed Erolcha
 12866 | D:9      | Reached skill level 2 in Evocations
 12866 | D:9      | Reached XP level 11. HP: 74/78 MP: 14/27
 12945 | D:9      | Noticed a three-headed hydra
 12952 | D:9      | Killed a three-headed hydra
 12953 | D:9      | Reached skill level 7 in Armour
 12953 | D:9      | Reached skill level 8 in Spellcasting
 13215 | D:9      | You are cast into the Abyss!
 13215 | D:9      | Cast into level 1 of the Abyss (Erolcha)
 13268 | Abyss:1  | Noticed a wretched star
 13274 | Abyss:1  | Noticed a thrashing horror
 13294 | Abyss:1  | Noticed a deep elf knight
 13294 | Abyss:1  | Noticed a deep elf zephyrmancer
 13294 | Abyss:1  | Noticed a deep elf zephyrmancer
 13310 | Abyss:1  | Noticed a deep elf zephyrmancer
 13311 | Abyss:1  | HP: 17/78 [hell hound/blast of flame (6)]
 13313 | Abyss:1  | HP: 8/78 [hell hound (2)]
 13314 | Abyss:1  | Noticed a deep elf zephyrmancer
 13403 | Abyss:1  | Noticed a large abomination
 13504 | Abyss:3  | Noticed a bone dragon
 13601 | Abyss:4  | Noticed a yellow draconian annihilator
 13603 | Abyss:4  | Noticed a wretched star
 13606 | Abyss:4  | HP: 19/78 [yellow draconian annihilator/+0 short sword (7)]
 13611 | Abyss:5  | Entered Level 5 of the Abyss
 13636 | Abyss:5  | HP: 9/78 [raiju/living lightning (3)]
 13647 | Abyss:5  | Noticed a tentacled starspawn
 13647 | Abyss:5  | Killed from afar by a raiju

Vanquished Creatures
  Gastronok (D:8)
  A hydra (D:9)
  Pikel (D:7)
  Maurice (D:8)
  Joseph (D:7)
  A troll (D:9)
  2 dream sheep (D:9)
  A hornet (D:8)
  10 yaks (D:9)
  A ynoxinul (Abyss:1)
  A wraith (D:7)
  2 steam dragons
  Menkaure (D:7)
  3 hell hounds (Abyss:1)
  An acid dragon (D:9)
  7 water moccasins
  3 orc warriors
  3 sky beasts
  A necrophage (D:4)
  An ice beast (D:5)
  5 centaurs
  5 ogres
  4 kobold brigands
  5 bullfrogs
  A wyvern zombie (D:7)
  A gnoll sergeant (D:7)
  2 scorpions
  8 killer bees (D:9)
  3 howler monkeys (D:8)
  A bullfrog zombie (D:6)
  3 centaur zombies
  A quasit (Abyss:1)
  A jelly (D:4)
  3 hounds
  An orc priest (D:9)
  Crazy Yiuf (D:7)
  3 iguanas
  5 orc wizards
  A hound zombie (D:5)
  A howler monkey zombie (D:5)
  Robin (D:2)
  10 gnolls
  6 adders
  A white imp (D:7)
  An ufetubus (D:7)
  4 adder skeletons
  3 worms
  5 dart slugs
  22 orcs
  7 bats
  8 endoplasms
  3 giant cockroaches
  12 goblins
  14 hobgoblins
  10 jackals
  4 quokkas
  6 ball pythons
  3 frilled lizards
  15 kobolds
  6 rats
239 creatures vanquished.

Vanquished Creatures (others)
  8 fungi (D:5)
  7 plants
15 creatures vanquished.

Grand Total: 254 creatures vanquished

Table legend:
 A = Non-vault XP
 B = Vault XP
 C = Vault XP percentage of total XP
 D = Non-vault monster count
 E = Vault monster count
 F = Vault count percentage of total count
                 A         B        C        D         E       F
            +---------+---------+-------+---------+---------+-------
      Total |    8889 |    5340 |  37.5 |     196 |      43 |  18.0
            +---------+---------+-------+---------+---------+-------
        D:1 |      59 |      14 |  19.2 |      27 |       4 |  12.9
        D:2 |      43 |      34 |  44.2 |      20 |      11 |  35.5
        D:3 |      77 |      42 |  35.3 |      17 |       6 |  26.1
        D:4 |     345 |     141 |  29.0 |      15 |       6 |  28.6
        D:5 |    1212 |       0 |   0.0 |      26 |       0 |   0.0
        D:6 |    1016 |       0 |   0.0 |      12 |       0 |   0.0
        D:7 |    1441 |    1105 |  43.4 |      23 |       4 |  14.8
        D:8 |    1040 |    2080 |  66.7 |      22 |       2 |   8.3
        D:9 |    3656 |    1924 |  34.5 |      29 |      10 |  25.6
    Abyss:1 |       0 |       0 |   N/A |       5 |       0 |   0.0
            +---------+---------+-------+---------+---------+-------

Illustrated notes

Table legend:
 A = Kills in this place as a percentage of kills in entire the game.
 B = Kills by you in this place as a percentage of kills by you in the entire game.
 C = Kills by friends in this place as a percentage of kills by friends in the entire game.
 D = Other kills in this place as a percentage of other kills in the entire game.
 E = Experience gained in this place as a percentage of experience gained in the entire game.
 F = Experience gained in this place divided by the number of levels of this place that you have seen.
                   A       B       C       D       E      F
               +-------+-------+-------+-------+-------+----------------------
         Total | 100.0 | 100.0 |   N/A |   N/A | 100.0 | 1016.4
       Dungeon |  97.9 |  97.9 |   N/A |   N/A | 100.0 | 1581.0
         Abyss |   2.1 |   2.1 |   N/A |   N/A |   0.0 |   0.0
               +-------+-------+-------+-------+-------+----------------------

Table legend: (Time is in decaauts)
 A = Elapsed time spent in this place.
 B = Non-inter-level travel time spent in this place.
 C = Inter-level travel time spent in this place.
 D = Time resting spent in this place.
 E = Time spent auto-exploring this place.
 F = Levels seen in this place.
 G = Mean time per level.
                   A        B        C        D        E       F      G
               +--------+--------+--------+--------+--------+-----+--------+
         Total |  13735 |  13345 |    390 |   2901 |   8147 |  14 |  981.1 |
       Dungeon |  13302 |  12912 |    390 |   2793 |   8147 |   9 | 1478.0 |
         Abyss |    432 |    432 |      0 |    108 |      0 |   5 |   86.4 |
               +--------+--------+--------+--------+--------+-----+--------+

Top non-repeatable levels by time:
     D:7: 2236 daAuts
     D:5: 1817 daAuts
     D:9: 1651 daAuts
     D:4: 1495 daAuts
     D:1: 1453 daAuts
     D:3: 1433 daAuts
     D:2: 1227 daAuts
     D:6: 1028 daAuts
     D:8: 959 daAuts
 Abyss:1: 208 daAuts
 Abyss:3: 85 daAuts
 Abyss:4: 59 daAuts
 Abyss:2: 40 daAuts
 Abyss:5: 38 daAuts
